 Dungeon Crawl Stone Soup version 0.24.0-123-gd5b16e6ec5 (webtiles) character file.

Game seed: 7379915622996464388, levelgen mode: deterministic

4393 Peloso the Blocker (level 10, -5/88 HPs)
             Began as a Minotaur Fighter on Jan 3, 2020.
             Was a Priest of Okawaru.
             Killed by divine providence
             ... invoked by an orc priest
              (14 damage)
             ... on level 9 of the Dungeon.
             The game lasted 00:27:56 (7304 turns).

Peloso the Blocker (Minotaur Fighter)               Turns: 7304, Time: 00:27:57

Health: -5/88      AC: 23    Str: 23    XL:     10   Next: 13%
Magic:  9/9        EV:  2    Int:  5    God:    Okawaru [***...]
Gold:   297        SH: 18    Dex: 11    Spells: 9/9 levels left

rFire    + . .     SeeInvis .   a - +0 falchion (slice)
rCold    + . .     Gourm    .   c - +0 large shield (curse)
rNeg     . . .     Faith    +   x - +3 gold dragon scales
rPois    +         Spirit   .   (helmet restricted)
rElec    .         Reflect  .   v - +1 cloak
rCorr    +         Harm     .   u - +0 pair of gloves
MR       .....                  (no boots)
Stlth    ..........             p - amulet of faith
HPRegen  0.24/turn              t - ring of poison resistance
MPRegen  0.11/turn              G - ring of resist corrosion

@: no status effects
A: retaliatory headbutt, horns 2
a: Heroism, Renounce Religion


You were on level 9 of the Dungeon.
You worshipped Okawaru.
Okawaru was most pleased with you.
You were not hungry.

You visited 2 branches of the dungeon, and saw 10 of its levels.
You also visited: Ossuary and Bailey.

You collected 1011 gold pieces.
You spent 714 gold pieces at shops.

Inventory:

Hand Weapons
 a - a +0 falchion of slicing (weapon)
 b - a +2 war axe of flaming
 m - a +0 hand crossbow
 A - the +6 trident "Worm" {freeze, rF+ Dex+4}
   (You found it on level 5 of the Dungeon)

   It has been specially enchanted to freeze those struck by it, causing extra
   injury to most foes and up to half again as much damage against particularly
   susceptible opponents.
   It can also slow down cold-blooded creatures.
   It affects your dexterity (+4).
   It protects you from fire.
Missiles
 M - 20 bolts
Armour
 c - a cursed +0 large shield (worn)
 u - a +0 pair of gloves (worn)
 v - a +1 cloak (worn)
 x - +3 gold dragon scales (worn)
 O - the +2 plate armour "Kyiclaal" {rN+}
   (You bought it in a shop on level 7 of the Dungeon)

   It protects you from negative energy.
Jewellery
 h - an uncursed amulet of regeneration
 i - a +3 amulet of reflection
 k - an uncursed ring of stealth
 p - an amulet of faith (around neck)
 t - a ring of poison resistance (left hand)
 w - a +6 amulet of reflection
 z - an uncursed ring of ice
 G - a ring of resist corrosion (right hand)
 N - the amulet "Syhair" {Spirit Str-4 Int+8}
   (You found it in a bailey)

   [amulet of guardian spirit]

   It causes incoming damage to be split between your health and magic.
   It affects your strength (-4).
   It affects your intelligence (+8).
Wands
 g - a wand of disintegration (4)
 D - a wand of random effects (11)
 R - a wand of scattershot (8)
Scrolls
 j - 2 scrolls of blinking {unknown}
 o - 4 scrolls of remove curse
 q - 3 scrolls of teleportation
 r - a scroll of amnesia
 y - 3 scrolls of fear
 J - a scroll of brand weapon
 P - a scroll of noise {unknown}
 Q - a scroll of fog
Potions
 d - 2 potions of might
 e - 4 potions of heal wounds
 l - 2 potions of haste
 n - a potion of curing
 s - a potion of ambrosia
 C - a potion of invisibility
 E - a potion of experience {unknown}
 F - a potion of brilliance
 H - a potion of mutation
 I - a potion of berserk rage
Miscellaneous
 K - a crystal ball of energy
 L - a phantom mirror
Comestibles
 f - 14 rations
 B - 2 chunks of flesh


   Skills:
 + Level 7.8 Fighting
 + Level 10.2 Long Blades
 + Level 2.0 Crossbows
 + Level 8.1 Armour
 + Level 1.2 Dodging
 + Level 0.1 Stealth
 + Level 10.6 Shields
 + Level 0.2 Invocations
 + Level 0.7 Evocations


You had 9 spell levels left.
You didn't know any spells.
Your spell library was empty.

Dungeon Overview and Level Annotations

Branches:
Dungeon (9/15)             Temple (1/1) D:5             Orc (0/2) D:9
Ossuary (visited)          Bailey (visited)
   Lair: D:8-11

Altars:
Dithmenos
Fedhas
Hepliaklqana
Nemelex Xobeh
Okawaru
Ru
Sif Muna
Trog
Uskayaw
Xom
Beogh

Shops:
D:5 *   D:7 [   D:8 *

Annotations:
D:6 1 runed translucent door, Holewolf1's ghost, novice HOFi
D:7 1 runed translucent door


Innate Abilities, Weirdness & Mutations

You reflexively headbutt those who attack you in melee.
You have a pair of horns on your head.


Message History

You see here a sky beast corpse.
Your gold dragon scales prevents you from hitting the orc priest.
You block the orc priest's attack.
Unknown command.
You slash the orc priest!
You headbutt the orc priest, but do no damage.
The orc priest is severely wounded.
Unknown command.
Your shield and gold dragon scales prevent you from hitting the orc priest.
You headbutt the orc priest.
The orc priest is almost dead.
You block the orc priest's attack.
Your shield and gold dragon scales prevent you from hitting the orc priest.
The orc priest is almost dead.
The orc priest hits you but does no damage.
You hit the orc priest but do no damage.
The orc priest is almost dead.
The orc priest mumbles some strange prayers to Beogh against you.
Beogh smites you!
You die...

#.##.......#
#### #..
#..#.#..# ...#
#.# #.......#
...# ..
#.##....# T..#
#.. #.####..#
o..# #.......#
...
######.####'###
#)##8...8##
#>)@o.....#
#.##..>.....#
#.##.....####
....(.......
.##.#########
#. .# . #.# ..
.#


You could see an orc priest.

Vanquished Creatures
  2 hornets
  A troll (D:9)
  A hippogriff (D:8)
  2 ice beasts
  4 sky beasts
  10 orc warriors
  2 phantoms (D:5)
  2 ogres
  A centaur (D:6)
  A big kobold (D:7)
  Blork the orc (D:6)
  A bullfrog (D:7)
  2 scorpions
  2 bullfrog zombies
  A crimson imp (D:5)
  A centaur zombie (D:8)
  A quasit (D:6)
  2 jellies (D:5)
  A bullfrog skeleton (D:7)
  6 orc wizards
  8 orc priests
  A centaur skeleton (D:7)
  3 hounds
  Crazy Yiuf (D:6)
  3 iguanas
  5 worker ants
  A killer bee zombie (D:5)
  A hound skeleton (D:4)
  2 mummies (Ossuary)
  A howler monkey zombie (D:5)
  2 worker ant zombies
  A howler monkey skeleton (D:5)
  7 gnolls
  9 adders
  An ooze (D:1)
  An adder skeleton (D:6)
  An adder zombie (D:8)
  A worm (D:2)
  4 dart slugs
  3 leopard geckos
  44 orcs
  6 bats
  6 giant cockroaches
  2 gnoll zombies (Ossuary)
  10 hobgoblins
  7 jackals
  4 quokkas
  4 frilled lizards
  11 goblins
  4 goblin zombies
  4 hobgoblin zombies (Ossuary)
  17 kobolds
  5 orc zombies (Ossuary)
  A quokka zombie (D:4)
  5 rats
  2 fungi (D:5)
232 creatures vanquished.

Notes
Turn   | Place    | Note
-------+----------+-------------------------------------------
     0 | D:1      | Peloso the Minotaur Fighter began the quest for the Orb.
     0 | D:1      | Reached XP level 1. HP: 19/19 MP: 0/0
     1 | D:1      | Noticed an ice dragon
     3 | D:1      | Noticed a red draconian
     6 | D:1      | Noticed an orb of fire
     9 | D:1      | Noticed an orb of fire
    12 | D:1      | Noticed a purple draconian
    12 | D:1      | Noticed a red draconian
    16 | D:1      | Noticed an orb of fire
    16 | D:1      | Noticed a black draconian
    16 | D:1      | Noticed an orb of fire
    18 | D:1      | Noticed a tentacled monstrosity
    18 | D:1      | Noticed a tentacled monstrosity
    20 | D:1      | Noticed a purple draconian
    20 | D:1      | Noticed an orb of fire
    82 | D:1      | Reached XP level 2. HP: 23/27 MP: 1/1
   225 | D:1      | Found a shimmering altar of Xom.
   533 | D:2      | Reached XP level 3. HP: 33/33 MP: 2/2
   567 | D:2      | Found a hide-covered altar of Uskayaw.
   637 | D:2      | Found a bloodstained altar of Trog.
  1095 | D:2      | Reached XP level 4. HP: 41/41 MP: 3/3
  1207 | D:3      | Reached XP level 5. HP: 29/47 MP: 4/4
  1513 | D:3      | Reached skill level 5 in Long Blades
  1759 | D:3      | Reached XP level 6. HP: 55/55 MP: 5/5
  2236 | D:4      | Reached skill level 5 in Fighting
  2531 | D:4      | Reached skill level 5 in Armour
  2675 | D:4      | Found a sand-covered staircase.
  2683 | Ossuary  | Entered an ossuary
  2708 | Ossuary  | Reached skill level 5 in Shields
  2744 | Ossuary  | Reached XP level 7. HP: 62/62 MP: 6/6
  2864 | D:4      | Reached skill level 1 in Dodging
  3312 | D:5      | Entered Level 5 of the Dungeon
  3426 | D:5      | Reached XP level 8. HP: 70/70 MP: 7/7
  3525 | D:5      | Got a twisted trident
  3526 | D:5      | Identified the +6 trident "Worm" {freeze, rF+ Dex+4} (You
                  | found it on level 5 of the Dungeon)
  3635 | D:5      | Found Ziaff's General Store.
  3644 | D:5      | Bought a potion of degeneration for 10 gold pieces
  3713 | D:5      | Found a staircase to the Ecumenical Temple.
  3773 | Temple   | Entered the Ecumenical Temple
  3801 | Temple   | Became a worshipper of Warmaster Okawaru
  4176 | D:6      | Noticed Blork the orc
  4190 | D:6      | Killed Blork the orc
  4305 | D:6      | Found a runed translucent door.
  4311 | D:6      | Found a shimmering altar of Xom.
  4311 | D:6      | Noticed Holewolf1's ghost (novice HOFi)
  4312 | D:6      | Noticed a +0 mace of chaos
  4401 | D:6      | Found a sparkling altar of Nemelex Xobeh.
  4523 | D:6      | Found a runed translucent door.
  4524 | D:6      | Noticed Crazy Yiuf
  4530 | D:6      | Killed Crazy Yiuf
  4638 | D:7      | Reached * piety under Okawaru
  4725 | D:7      | Found a runed translucent door.
  4725 | D:7      | Noticed a sixfirhy
  4744 | D:7      | Noticed a hornet
  4760 | D:7      | Paralysed by a hornet for 2 turns
  4762 | D:7      | Killed a hornet
  4762 | D:7      | Reached XP level 9. HP: 47/78 MP: 8/8
  4866 | D:7      | Found a hazy altar of Hepliaklqana.
  4892 | D:7      | Reached ** piety under Okawaru
  5117 | D:7      | Found Heor's Antique Armour Emporium.
  5940 | D:8      | Found a sacrificial altar of Ru.
  5966 | D:8      | Found Zib Ovest's Assorted Antiques.
  6147 | D:8      | Found a flagged portal.
  6157 | Bailey   | Entered a bailey
  6268 | Bailey   | Reached *** piety under Okawaru
  6268 | Bailey   | Reached skill level 1 in Crossbows
  6344 | Bailey   | Reached skill level 10 in Shields
  6368 | Bailey   | Got a smoking tin amulet
  6370 | Bailey   | Identified the amulet "Syhair" {Spirit Str-4 Int+8} (You
                  | found it in a bailey)
  6662 | D:8      | Reached skill level 10 in Long Blades
  6669 | D:8      | Bought a scroll of identify for 60 gold pieces
  6979 | D:7      | Bought a brightly glowing plate armour for 644 gold pieces
  6992 | D:7      | Identified the +2 plate armour "Kyiclaal" {rN+} (You bought
                  | it in a shop on level 7 of the Dungeon)
  7203 | D:9      | Reached XP level 10. HP: 88/88 MP: 9/9
  7228 | D:9      | Found a staircase to the Orcish Mines.
  7242 | D:9      | Found a roughly hewn altar of Beogh.
  7304 | D:9      | Killed from afar by an orc priest

Levels and vault maps discovered:
D:1:      shiori_arrival_whats_in_store_for_you, layout_rooms, xom_teletrap_fun
D:2:      layout_rooms, lemuel_crystal_altar, first_ration, bloody_trog
D:3:      layout_basic
D:4:      layout_gridville, enter_ossuary_4, st_stairs_1, minmay_checkerbox
D:5:      layout_cave_pools, minmay_temple_entry_tees, serial_shops, shop,
          water_boxes_lemuel
D:6:      layout_rooms, ebering_ghost_xom, nemelex_altar_shiori,
          uniq_blork_the_orc, uniq_crazy_yiuf_cottage
D:7:      cheibrodos_shockbox, layout_basic, kennysheep_mini_moat, serial_shops,
          shop
D:8:      layout_cave_pools, kennysheep_little_box, serial_shops, shop,
          enter_bailey_6
D:9:      minmay_the_grid_triangle_9x9_rhombus_thin
          [minmay_the_grid_triangle_9x9_sprig,
          minmay_the_grid_triangle_9x9_prize_center,
          minmay_the_grid_triangle_9x9_thin_v,
          minmay_the_grid_triangle_9x9_semitri], layout_loops_cross,
          overflow_temple_1_default, minmay_orc_entry_temple_small
Temple:   hc_temple_tempest_star

Skill      XL: |  1  2  3  4  5  6  7  8  9 |
---------------+----------------------------+-----
Fighting       | 4 5 6 7 |  7.8
Long Blades    | 3 4 5 7 8 10 | 10.2
Armour         | 4 5 7 8 |  8.1
Shields        | 4 5 8 10 | 10.6
Dodging        | 1 |  1.2
Crossbows      | 2 |  2.0
Stealth        | |  0.1
Invocations    | |  0.2
Evocations     | |  0.7

Action                   |  1- 3 |  4- 6 |  7- 9 | 10-12 || total
-------------------------+-------+-------+-------+-------++-------
Melee: Long sword        |    82 |   159 |    52 |       ||   293
       Headbutt          |    15 |    37 |   136 |    20 ||   208
       Falchion          |       |       |   555 |    53 ||   608
 Fire: Hand crossbow     |       |       |    19 |       ||    19
Invok: Heroism           |       |       |     2 |     1 ||     3
Evoke: Wand              |       |       |     9 |       ||     9
  Use: Potion            |     1 |       |     1 |     1 ||     3
       Scroll            |       |     7 |    12 |       ||    19
  Eat: Chunk             |       |     6 |    15 |     1 ||    22
Armor: Scale mail        |    16 |       |       |       ||    16
       Plate armour      |    26 |   109 |    41 |       ||   176
       Gold dragon scale |       |       |   350 |    19 ||   369
Dodge: Dodged            |    13 |    31 |    45 |     4 ||    93
Block: Shield            |    49 |    92 |   285 |       ||   426
       Large shield      |       |       |   137 |    31 ||   168
       Rpst.: Long sword |     4 |     8 |     2 |       ||    14
       Falchion          |       |       |     6 |     2 ||     8
